[Event "Late-Titled-Tuesday-Blitz-March-12-2024"]
[Site "Chess.com"]
[Date "2024.03.12"]
[Round "1"]
[White "randy296"]
[Black "Lion-Al-Messi"]
[Result "0-1"]
[WhiteElo "2089"]
[BlackElo "2579"]
[TimeControl "180+1"]
[EndTime "14:01:24 PDT"]
[Termination "Lion-Al-Messi won by resignation"]

1. b3 e5 2. Bb2 Nc6 3. Nf3 e4 4. Nd4 d5 5. e3 Nf6 6. c4 Nxd4 7. Bxd4 c5 8. Bb2 d4 9. exd4 cxd4 10. d3 Bb4+ 11. Nd2 e3 12. fxe3 dxe3 13. Qe2 Bxd2+ 14.
Kd1 Bg4 0-1

[Event "Late-Titled-Tuesday-Blitz-March-12-2024"]
[Site "Chess.com"]
[Date "2024.03.12"]
[Round "1"]
[White "grandcoach"]
[Black "varunkrishnanchess"]
[Result "0-1"]
[WhiteElo "2218"]
[BlackElo "2612"]
[TimeControl "180+1"]
[EndTime "14:02:27 PDT"]
[Termination "varunkrishnanchess won by checkmate"]

1. e4 c6 2. d4 d5 3. e5 c5 4. dxc5 e6 5. Be3 Nc6 6. f4 d4 7. Bf2 Bxc5 8. Nf3 Nge7 9. Nbd2 Nd5 10. Ne4 Bb4+ 11. Ke2 Nxf4# 0-1

[Event "Late-Titled-Tuesday-Blitz-March-12-2024"]
[Site "Chess.com"]
[Date "2024.03.12"]
[Round "1"]
[White "JaackCamel"]
[Black "YoreDea"]
[Result "0-1"]
[WhiteElo "2207"]
[BlackElo "2604"]
[TimeControl "180+1"]
[EndTime "14:02:52 PDT"]
[Termination "YoreDea won by checkmate"]

1. d4 e6 2. c4 d5 3. Nc3 c5 4. cxd5 cxd4 5. Qxd4 Nc6 6. Qd1 exd5 7. Qxd5 Qc7 8. a3 Nf6 9. Qd1 Bf5 10. Be3 Rd8 11. Qa4 Be7 12. Nf3 O-O 13. g3 Ng4 14. Bc1 Bc5 15. Qf4 Bxf2# 0-1

[Event "Late-Titled-Tuesday-Blitz-March-12-2024"]
[Site "Chess.com"]
[Date "2024.03.12"]
[Round "1"]
[White "pooh2012"]
[Black "Angry_Twin"]
[Result "0-1"]
[WhiteElo "2533"]
[BlackElo "2954"]
[TimeControl "180+1"]
[EndTime "14:03:10 PDT"]
[Termination "Angry_Twin won by resignation"]

1. d4 Nf6 2. Nc3 d5 3. Nf3 g6 4. g3 Bg7 5. Bg2 O-O 6. O-O c6 7. Bf4 Bf5 8. e3 Nbd7 9. Nh4 Be6 10. Nf3 h6 11. h4 Bf5 12. Na4 Ne4 13. Nd2 Nxd2 14. Qxd2 e5 15. Bxe5 Nxe5 16. dxe5 Bxe5 17.
Nc5 Qe7 18. Nd3 Bg7 19. c3 Rfe8 20. Rad1 Rad8 21. Nc1 Be4 22. Nb3 Bxg2 23. Kxg2 Qe4+ 24. Kh2 Bf6 25. Qd3 Qg4 26. Nc1 Bxh4 27. gxh4 Qxh4+ 28.
Kg2 Qg4+ 29. Kh2 Re5 0-1

[Event "Late-Titled-Tuesday-Blitz-March-12-2024"]
[Site "Chess.com"]
[Date "2024.03.12"]
[Round "1"]
[White "Danito1954"]
[Black "Alexei_Gubajdullin"]
[Result "0-1"]
[WhiteElo "2292"]
[BlackElo "2641"]
[TimeControl "180+1"]
[EndTime "14:03:18 PDT"]
[Termination "Alexei_Gubajdullin won by resignation"]

1. e4 g6 2. d4 Bg7 3. Nc3 d6 4. f4 c6 5. Nf3 Bg4 6. Bc4 e6 7. Be3 d5 8. Be2 dxe4 9. Nxe4 Ne7 10. c3 Nd5 11. Bd2 Bxf3 12. Bxf3 O-O 13. O-O Nd7 14. Qb3 Qc7 15. Rae1 c5 16. dxc5 Nxc5 17. Nxc5 Qxc5+ 18. Kh1 b5 19. Bxd5 exd5 20. Be3 Qc4 21. Qxc4 bxc4 22. Rd1 Rfd8 23. Rf2 Rab8 24. Rfd2 Rb5 25. Bxa7 Ra8 26. Bd4 Rxa2 27. Bxg7 Kxg7 28. Rb1 d4 29. Rxd4 Rbxb2 30. Rg1 Ra4 31. Rdd1 Ra3 32.
Rc1 Rbb3 33. h3 Rxc3 34. Rxc3 Rxc3 35. Rd1 Rc2 36. Rd7 Rf2 37. g3 c3 0-1

[Event "Late-Titled-Tuesday-Blitz-March-12-2024"]
[Site "Chess.com"]
[Date "2024.03.12"]
[Round "1"]
[White "TokChess"]
[Black "DraningWaterHi"]
[Result "1/2-1/2"]
[WhiteElo "2600"]
[BlackElo "2226"]
[TimeControl "180+1"]
[EndTime "14:03:43 PDT"]
[Termination "Game drawn by agreement"]

1. c4 c5 2. Nf3 Nc6 3. Nc3 d6 4. b3 Nf6 5. Bb2 e5 6. e3 g6 7.
d4 exd4 8. exd4 cxd4 9. Nxd4 Bg7 10. Be2 O-O 11. O-O Re8 12. Re1 Nxd4 13. Qxd4 Ne4 14.
Qd3 Bf5 15. Nxe4 Bxb2 16. Bf3 Bxa1 17. Rxa1 Qe7 18. Re1 Bxe4 19. Rxe4 Qf6 20. g3 Rxe4 21. Bxe4 Rb8 22. Kg2 Qe5 23. Bd5 Kg7 24. h4 f5 25. Qd2 b6 26. Qb4 f4 27. Qa4 Qe7 28. g4 Rf8 29. Bf3 Qc7 30. Qb5 1/2-1/2

[Event "Late-Titled-Tuesday-Blitz-March-12-2024"]
[Site "Chess.com"]
[Date "2024.03.12"]
[Round "1"]
[White "wadsy27"]
[Black "KnightmareJoker"]
[Result "1-0"]
[WhiteElo "2625"]
[BlackElo "2264"]
[TimeControl "180+1"]
[EndTime "14:04:00 PDT"]
[Termination "wadsy27 won by resignation"]

1. Nf3 d5 2. g3 Nf6 3. Bg2 c5 4. O-O Nc6 5. c4 e6 6. cxd5 exd5 7. d4 c4 8. b3 b5 9. a4 Ba6 10. axb5 Bxb5 11. Na3 Bxa3 12. Bxa3 Ne7 13. bxc4 Bxc4 14. Ne5 Bb5 15. Qb3 a6 16. Bxe7 Kxe7 17. Rfc1 Re8 18. Qa3+ Qd6 19. Rc7+ Bd7 20. Nc6+ Ke6 21. Bh3+ 1-0

[Event "Late-Titled-Tuesday-Blitz-March-12-2024"]
[Site "Chess.com"]
[Date "2024.03.12"]
[Round "1"]
[White "IamSchrodingersCat"]
[Black "cristiano78"]
[Result "1-0"]
[WhiteElo "2640"]
[BlackElo "2290"]
[TimeControl "180+1"]
[EndTime "14:04:16 PDT"]
[Termination "IamSchrodingersCat won by resignation"]

1. e4 c5 2. Nf3 d6 3. d4 cxd4 4. Nxd4 Nf6 5. Nc3 g6 6. Be3 Bg7 7. f3 O-O 8. Qd2 Nc6 9. O-O-O d5 10. Qe1 e5 11. Nxc6 bxc6 12. exd5 Nxd5 13. Bc4 Be6 14. Ne4 h6 15. g4 Re8 16. Bc5 Qc7 17. h4 f5 18.
gxf5 gxf5 19. Ng3 Rab8 20. Nh5 e4 21. Rg1 1-0

[Event "Late-Titled-Tuesday-Blitz-March-12-2024"]
[Site "Chess.com"]
[Date "2024.03.12"]
[Round "1"]
[White "Renatoforf"]
[Black "albi1999"]
[Result "0-1"]
[WhiteElo "1585"]
[BlackElo "2571"]
[TimeControl "180+1"]
[EndTime "14:04:17 PDT"]
[Termination "albi1999 won by resignation"]

1. e4 c5 2. Nc3 a6 3. g3 b5 4. Bg2 Bb7 5. d3 e6 6. f4 Nc6 7. Nf3 Nge7 8. O-O d6 9. Be3 Rc8 10. Qd2 g6 11. d4 cxd4 12. Nxd4 Na5 13. Qf2 Nc4 14. Bc1 Bg7 15. Nb3 O-O 16. a3 Nxb2 17.
Bxb2 Bxc3 18. Bxc3 Rxc3 19. Qd2 Qc7 20. e5 Rxc2 21.
exd6 Qb6+ 22. Qd4 Rxg2+ 0-1

[Event "Late-Titled-Tuesday-Blitz-March-12-2024"]
[Site "Chess.com"]
[Date "2024.03.12"]
[Round "1"]
[White "tandaleo"]
[Black "MikaelyanArman"]
[Result "0-1"]
[WhiteElo "2466"]
[BlackElo "2825"]
[TimeControl "180+1"]
[EndTime "14:04:18 PDT"]
[Termination "MikaelyanArman won by resignation"]

1. f4 g6 2. e4 Bg7 3. d4 c5 4. Nf3 cxd4 5. Nxd4 Nc6 6. Nxc6 bxc6 7. Nc3 d6 8. Bd3 Nf6 9. O-O O-O 10. Qe1 Rb8 11.
e5 dxe5 12. fxe5 Ng4 13. Bf4 Qd4+ 14. Kh1 Bxe5 15. Bxe5 Nxe5 16. Rd1 Nxd3 17. Rxd3 Qg7 18. Qxe7 Ba6 19. Ne4 Bxd3 20. cxd3 f5 21. Qe6+ Qf7 22.
Qxc6 Rfc8 23. Qd6 fxe4 0-1

[Event "Late-Titled-Tuesday-Blitz-March-12-2024"]
[Site "Chess.com"]
[Date "2024.03.12"]
[Round "1"]
[White "Timerkhanov"]
[Black "FMYiLiu"]
[Result "1-0"]
[WhiteElo "2633"]
[BlackElo "2219"]
[TimeControl "180+1"]
[EndTime "14:04:18 PDT"]
[Termination "Timerkhanov won by resignation"]

1. d4 d5 2. Nf3 Nf6 3. g3 Bf5 4.
Bg2 e6 5. O-O h6 6. c4 c6 7. Nc3 Be7 8. Qb3 Qb6 9. c5 Qxb3 10.
axb3 a6 11. b4 O-O 12. b5 cxb5 13. Nxb5 Nc6 14. Nc3 b6 15. cxb6 Rfb8 16. Na4 Nd7 17. Bf4 Rb7 18. Rfc1 Na5 19. Rc7 Bd8 20. Rxd7 Rxd7 21. Nc5 Re7 22. Rxa5 Bxb6 23. Ra1 a5 24.
Ne5 a4 25. Rxa4 Rxa4 26. Nxa4 Ra7 27. b3 Bxd4 28. Nc6 1-0

[Event "Late-Titled-Tuesday-Blitz-March-12-2024"]
[Site "Chess.com"]
[Date "2024.03.12"]
[Round "1"]
[White "GoltsevDmitry2000"]
[Black "Caisachess"]
[Result "1-0"]
[WhiteElo "2689"]
[BlackElo "2350"]
[TimeControl "180+1"]
[EndTime "14:04:19 PDT"]
[Termination "GoltsevDmitry2000 won by resignation"]

1. e4 e5 2. Nf3 Nc6 3. Bb5 f5 4.
d3 fxe4 5. dxe4 Nf6 6. Nc3 Bb4 7. O-O Bxc3 8. bxc3 d6 9. h3 O-O 10. Ng5 Qe8 11.
Qd3 Qg6 12. Qc4+ Kh8 13. Bxc6 bxc6 14. Qxc6 Rb8 15. Qxc7 Bxh3 16. Nxh3 Nxe4 17. Be3 Rbc8 18. Qxa7 Nxc3 19. Rfe1 d5 20. Qe7 d4 21. Bd2 Rce8 22. Qg5 Qxc2 23. Bxc3 Qxc3 24. Rac1 Qa5 25. Re2 d3 26. Rd2 e4 27. Qxa5 1-0

[Event "Late-Titled-Tuesday-Blitz-March-12-2024"]
[Site "Chess.com"]
[Date "2024.03.12"]
[Round "1"]
[White "Sanan_Sjugirov"]
[Black "slorovel"]
[Result "1-0"]
[WhiteElo "3002"]
[BlackElo "2542"]
[TimeControl "180+1"]
[EndTime "14:04:27 PDT"]
[Termination "Sanan_Sjugirov won by resignation"]

1. e4 e6 2. d4 d5 3. e5 Ne7 4. c3 c5 5. Nf3 Nf5 6. Bd3 Nc6 7. O-O Be7 8. Bxf5 exf5 9. dxc5 Bxc5 10. Nbd2 Be6 11.
Nb3 Be7 12. Re1 O-O 13. Nbd4 Qd7 14. Bg5 Bc5 15. Nb3 Bb6 16. Be3 h6 17. Bxb6 axb6 18. Nbd4 Na5 19. b3 Rfc8 20. Qd2 Rc7 21. Rac1 Rac8 22. h4 b5 23. Rc2 b6 24. Rec1 Nb7 25. Qe2 Rc5 26. b4 Rc4 27. Nd2 Ra8 28. Nxc4 bxc4 29.
Rd2 Ra3 30. Nxe6 Qxe6 31. Qf3 1-0

[Event "Late-Titled-Tuesday-Blitz-March-12-2024"]
[Site "Chess.com"]
[Date "2024.03.12"]
[Round "1"]
[White "Shahdad2007"]
[Black "LeoWin2012"]
[Result "1-0"]
[WhiteElo "2593"]
[BlackElo "2183"]
[TimeControl "180+1"]
[EndTime "14:04:29 PDT"]
[Termination "Shahdad2007 won by resignation"]

1. Nf3 Nf6 2. c4 c5 3. g3 g6 4.
Bg2 Bg7 5. O-O O-O 6. Nc3 Nc6 7. d4 cxd4 8. Nxd4 e5 9. Ndb5 a6 10. Nd6 Qc7 11. b3 Ne8 12. Ba3 Qa5 13. Bb2 Nxd6 14. Qxd6 e4 15. Rac1 Be5 16. Qd5 Qxd5 17. cxd5 Nb4 18.
Bxe4 Nxa2 19. Rc2 Nb4 20. Rd2 f5 21. Bg2 d6 22. e4 fxe4 23. Nxe4 Bxb2 24. Rxb2 Nxd5 25.
Nxd6 Be6 26. Re1 Rf6 27. Rxe6 Rxe6 28. Bxd5 Re8 29. Nxe8 1-0

[Event "Late-Titled-Tuesday-Blitz-March-12-2024"]
[Site "Chess.com"]
[Date "2024.03.12"]
[Round "1"]
[White "Flawless_Fighter"]
[Black "SergioMoralesG"]
[Result "1/2-1/2"]
[WhiteElo "2837"]
[BlackElo "2488"]
[TimeControl "180+1"]
[EndTime "14:04:34 PDT"]
[Termination "Game drawn by agreement"]

1. e4 c5 2. Nf3 e6 3. c3 Nf6 4. e5 Nd5 5. d4 cxd4 6. cxd4 d6 7.
Bc4 Nc6 8. O-O Be7 9. Qe2 O-O 10.
Rd1 Na5 11. Bd3 Nb4 12. Be4 d5 13. Bd3 Nxd3 14. Rxd3 b6 15. Rc3 Bb7 16. Bf4 Rc8 17.
Nbd2 Rxc3 18. bxc3 Qc8 19. Qe3 Nc4 20. Nxc4 Qxc4 21.
Nd2 Qc6 22. Rc1 Rc8 23. Bg5 Bf8 24. h4 b5 25. h5 h6 26. Bf4 b4 27. Nb1 a5 28.
cxb4 Qxc1+ 29. Qxc1 Rxc1+ 30. Bxc1 Bxb4 31. f3 Ba6 32. Kf2 Bd3 33. Nd2 Bxd2 34. Bxd2 a4 35. a3 1/2-1/2

[Event "Late-Titled-Tuesday-Blitz-March-12-2024"]
[Site "Chess.com"]
[Date "2024.03.12"]
[Round "1"]
[White "GOGIEFF"]
[Black "RebelJohnny"]
[Result "1-0"]
[WhiteElo "3015"]
[BlackElo "2544"]
[TimeControl "180+1"]
[EndTime "14:04:39 PDT"]
[Termination "GOGIEFF won by resignation"]

1. d4 d5 2. c4 dxc4 3. Nf3 Nf6 4. e3 e6 5. Bxc4 c5 6. O-O a6 7. Bb3 b5 8. a4 b4 9. Nbd2 Bb7 10. e4 Be7 11. e5 Nfd7 12. Nc4 O-O 13. Nd6 Bxd6 14. exd6 cxd4 15. Nxd4 Nc5 16. Bc2 Qxd6 17. Qh5 g6 18. Qh4 Nc6 19. Be3 Qd5 20. f3 Nxd4 21. Bxd4 e5 22.
Bf2 Ne6 23. Qxb4 Nd4 24. Be4 1-0

[Event "Late-Titled-Tuesday-Blitz-March-12-2024"]
[Site "Chess.com"]
[Date "2024.03.12"]
[Round "1"]
[White "Flaccidmoves"]
[Black "Alphafischer2019"]
[Result "0-1"]
[WhiteElo "2424"]
[BlackElo "2742"]
[TimeControl "180+1"]
[EndTime "14:04:40 PDT"]
[Termination "Alphafischer2019 won by checkmate"]

1. c4 Nf6 2. Nc3 e5 3. Nf3 d6 4. d4 exd4 5. Nxd4 g6 6. g3 Bg7 7.
Bg2 O-O 8. O-O Nbd7 9. b3 Nc5 10. b4 Ne6 11. Bb2 Nxd4 12. Qxd4 Ng4 13. Qd2 Ne5 14. Qf4 Be6 15. Nd5 c6 16. Ne3 g5 17. Qe4 f5 18. Qc2 f4 19. Nd1 Qf6 20. c5 d5 21.
Nc3 Qh6 22. f3 fxg3 23. hxg3 Ng4 24. Nd1 Qh2# 0-1

[Event "Late-Titled-Tuesday-Blitz-March-12-2024"]
[Site "Chess.com"]
[Date "2024.03.12"]
[Round "1"]
[White "PelinGorki"]
[Black "shimastream"]
[Result "0-1"]
[WhiteElo "2534"]
[BlackElo "2969"]
[TimeControl "180+1"]
[EndTime "14:04:44 PDT"]
[Termination "shimastream won by resignation"]

1. e4 b6 2. Nc3 Bb7 3. f4 e6 4. Nf3 d5 5. e5 d4 6. Ne2 Bxf3 7.
gxf3 Nh6 8. Ng3 Be7 9. Bd3 g6 10. Be4 c6 11. Qe2 Qd7 12. b3 a5 13. a4 Na6 14. Bb2 Nf5 15. Qc4 Nb4 16. c3 dxc3 17.
dxc3 Nd5 18. O-O-O Nfe3 19. Qd4 Nxd1 20. Rxd1 Qc7 21.
c4 Nb4 22. Qe3 Rd8 23. Re1 Bc5 24. Qe2 Qe7 25. Bc3 O-O 26. Qg2 Kh8 27. h4 Qxh4 28. Rh1 Qxf4+ 29. Kb2 Bd4 30. Nh5 Bxc3+ 31. Ka3 Qxe5 0-1

[Event "Late-Titled-Tuesday-Blitz-March-12-2024"]
[Site "Chess.com"]
[Date "2024.03.12"]
[Round "1"]
[White "bascheyaro"]
[Black "thesupera12"]
[Result "1-0"]
[WhiteElo "2784"]
[BlackElo "2443"]
[TimeControl "180+1"]
[EndTime "14:04:46 PDT"]
[Termination "bascheyaro won by resignation"]

1. d4 d5 2. c4 Nf6 3. Nc3 e6 4. Nf3 Bb4 5. Bg5 O-O 6. e3 h6 7.
Bh4 c5 8. dxc5 g5 9. Bg3 Bxc5 10. cxd5 Nxd5 11. Nxd5 Qxd5 12. Qxd5 exd5 13. a3 Nc6 14.
b4 Bb6 15. Rd1 Be6 16. Bb5 g4 17. Ne5 Nxe5 18. Bxe5 Rac8 19. O-O Rc2 20. a4 a6 21. Bd3 Rc6 22. a5 Bc7 23. Bd4 Bd6 24. b5 axb5 25.
Bxb5 Rc2 26. Rb1 Ra8 27. Bb6 Bc7 28. Bd3 Rc3 29. Rfc1 Rxc1+ 30. Rxc1 Bxb6 31. axb6 Ra3 32. Bc2 Rc3 33. Bh7+ Kxh7 34. Rxc3 Kg6 35. Rc7 1-0

[Event "Late-Titled-Tuesday-Blitz-March-12-2024"]
[Site "Chess.com"]
[Date "2024.03.12"]
[Round "1"]
[White "Russian_berezka"]
[Black "DanielNaroditsky"]
[Result "0-1"]
[WhiteElo "2560"]
[BlackElo "3085"]
[TimeControl "180+1"]
[EndTime "14:04:48 PDT"]
[Termination "DanielNaroditsky won by checkmate"]

1. d4 Nf6 2. Bf4 c5 3. e3 cxd4 4. exd4 Qb6 5. Nc3 a6 6. Rb1 d5 7. Nf3 Bg4 8. Be2 e6 9. h3 Bxf3 10. Bxf3 Nc6 11. Be3 Bd6 12. O-O O-O 13. Ne2 Qc7 14.
c3 b5 15. Qd2 Ne7 16. Bg5 Ng6 17. Bxf6 gxf6 18. g3 f5 19. Nc1 Kh8 20. Nd3 Rg8 21. Bh5 Bxg3 22. Kh1 Nf4 23. Bxf7 Nxd3 24. Bxg8 Nxf2+ 25. Rxf2 Bxf2 26. Bxe6 Qg3 27. Qh6 Qf3+ 28.
Kh2 Bg3+ 29. Kg1 Qf2+ 30. Kh1 Qh2# 0-1

[Event "Late-Titled-Tuesday-Blitz-March-12-2024"]
[Site "Chess.com"]
[Date "2024.03.12"]
[Round "1"]
[White "Cyrano-Lossi"]
[Black "wannabe2700"]
[Result "0-1"]
[WhiteElo "2224"]
[BlackElo "2613"]
[TimeControl "180+1"]
[EndTime "14:04:49 PDT"]
[Termination "wannabe2700 won by resignation"]

1. d4 f5 2. g3 Nf6 3. Bg2 g6 4.
c4 Bg7 5. Nc3 O-O 6. Nf3 d6 7.
d5 c6 8. O-O e5 9. dxe6 Bxe6 10.
Qb3 Na6 11. Be3 b5 12. Qa3 b4 13. Qxa6 bxc3 14. bxc3 Qc8 15. Qa4 Ne4 16. Bd4 c5 17.
Bxg7 Kxg7 18. Rac1 Qe8 19. Qa6 Qf7 20. Rfd1 Bxc4 21.
Qc6 Rac8 22. Qa4 Bxe2 23. Re1 Bc4 24. Rb1 Nxc3 0-1

[Event "Late-Titled-Tuesday-Blitz-March-12-2024"]
[Site "Chess.com"]
[Date "2024.03.12"]
[Round "1"]
[White "N18player"]
[Black "KuzubovYuriy"]
[Result "0-1"]
[WhiteElo "2518"]
[BlackElo "2908"]
[TimeControl "180+1"]
[EndTime "14:04:50 PDT"]
[Termination "KuzubovYuriy won by resignation"]

1. Nf3 d5 2. b3 c5 3. e3 a6 4. Bb2 Nc6 5. d4 cxd4 6. exd4 Bg4 7. Nbd2 e6 8. a3 Bd6 9. Bd3 Nge7 10. O-O h6 11. Re1 O-O 12. h3 Bh5 13. Rc1 Bf4 14. Be2 Rc8 15. g3 Bxd2 16. Qxd2 Qb6 17. Ne5 Bxe2 18. Rxe2 Nxe5 19. Rxe5 Rc6 20. b4 Qc7 21. c3 Nf5 22. Re2 Nd6 23. Qd3 Nc4 24.
Rec2 Rc8 25. Kf1 Nxb2 26. Rxb2 Rxc3 27. Rxc3 Qxc3 28. Rd2 Qxd3+ 29. Rxd3 Rc4 30. Ke2 Kf8 31. Kd2 Ke7 32. Ke3 Kd6 33. Rb3 Kc6 34. a4 b5 35.
axb5+ Kxb5 36. Kf4 f6 37. Kg4 g6 38. f4 Rxd4 39. h4 h5+ 0-1

[Event "Late-Titled-Tuesday-Blitz-March-12-2024"]
[Site "Chess.com"]
[Date "2024.03.12"]
[Round "1"]
[White "Levanzovsky"]
[Black "Franmu14"]
[Result "0-1"]
[WhiteElo "2388"]
[BlackElo "2710"]
[TimeControl "180+1"]
[EndTime "14:04:50 PDT"]
[Termination "Franmu14 won by resignation"]

1. e4 e5 2. Nf3 Nc6 3. Bc4 Bc5 4. c3 Nf6 5. d3 d6 6. b4 Bb6 7. a4 a5 8. b5 Ne7 9. Nbd2 h6 10. Ba2 g5 11. Nc4 Ng6 12. Nxb6 cxb6 13. Be3 Nf4 14. Bxf4 gxf4 15. d4 Bg4 16. h3 Bh5 17. dxe5 Bxf3 18. Qd4 Bxg2 19. Rg1 dxe5 20. Qxe5+ Qe7 21. Qxe7+ Kxe7 22. Rxg2 Rhg8 23. Kf1 f3 24. Rg3 Rxg3 25. fxg3 Nxe4 26.
Re1 f5 27. Bb1 f2 28. Re2 Rc8 29. Bxe4 fxe4 30. Rxe4+ Kd6 31. c4 Kc5 32. Kxf2 Kb4 33. g4 Kxa4 34. h4 Kb3 35. g5 hxg5 36.
hxg5 a4 37. Re7 a3 38. Rxb7 Ra8 39. Re7 a2 40. Re1 a1=Q 41. Rxa1 Rxa1 42. g6 Kxc4 0-1

[Event "Late-Titled-Tuesday-Blitz-March-12-2024"]
[Site "Chess.com"]
[Date "2024.03.12"]
[Round "1"]
[White "Jagerrmeisterr"]
[Black "Bkmzzzzz"]
[Result "1-0"]
[WhiteElo "2708"]
[BlackElo "2385"]
[TimeControl "180+1"]
[EndTime "14:04:53 PDT"]
[Termination "Jagerrmeisterr won by resignation"]

1. e4 d6 2. Nc3 Nf6 3. f4 c5 4.
Nf3 Nc6 5. a3 g6 6. Bc4 Bg7 7. O-O O-O 8. d3 a6 9. Qe1 b5 10. Ba2 Rb8 11. f5 Nd4 12. Ng5 h6 13. Nxf7 Rxf7 14. fxg6 Be6 15. Bxe6 Nxe6 16. gxf7+ Kxf7 17. Qh4 Qh8 18. Nd5 Nd4 19. Qh5+ Ke6 20. Nxf6 Bxf6 21.
c3 Nb3 22. Qd5+ 1-0

[Event "Late-Titled-Tuesday-Blitz-March-12-2024"]
[Site "Chess.com"]
[Date "2024.03.12"]
[Round "1"]
[White "scarabee43"]
[Black "RichardShtivelband"]
[Result "1-0"]
[WhiteElo "2863"]
[BlackElo "2492"]
[TimeControl "180+1"]
[EndTime "14:04:57 PDT"]
[Termination "scarabee43 won by resignation"]

1. Nf3 Nf6 2. c4 e6 3. Nc3 c5 4. d4 cxd4 5. Nxd4 Be7 6. g3 O-O 7. Bg2 Nc6 8. O-O a6 9. b3 Qa5 10. Bb2 Rd8 11. e4 d6 12. Qd2 Qh5 13. Rad1 Bd7 14. Rfe1 Rac8 15. Nde2 Ng4 16. h3 Nge5 17. Qe3 Nb4 18. Rd2 d5 19. Nf4 Qg5 20. exd5 Bc5 21. Qxe5 Qxg3 22. Ne4 1-0

[Event "Late-Titled-Tuesday-Blitz-March-12-2024"]
[Site "Chess.com"]
[Date "2024.03.12"]
[Round "1"]
[White "ploxoi"]
[Black "TheCavemanChess"]
[Result "0-1"]
[WhiteElo "2442"]
[BlackElo "2767"]
[TimeControl "180+1"]
[EndTime "14:04:57 PDT"]
[Termination "TheCavemanChess won by resignation"]

1. d4 Nf6 2. Nf3 e6 3. c4 d5 4. g3 dxc4 5. Ne5 Qd5 6. Nf3 c5 7. Nc3 Qd8 8. Qa4+ Bd7 9. Qxc4 cxd4 10. Nxd4 Nc6 11. Bg2 Rc8 12. O-O Qb6 13. Nxc6 Bxc6 14. Bxc6+ Rxc6 15. Qf4 Bd6 16. Qe3 Qa6 17. Bd2 O-O 18.
a3 Rfc8 19. b4 Rxc3 20. Bxc3 Nd5 21. Qd2 Nxc3 22. e3 Be5 23. Rac1 g6 24. Rc2 Qxa3 25. Rfc1 Qxb4 26. Qd7 Rc7 27. Qd8+ Qf8 28. Qd3 b5 0-1

[Event "Late-Titled-Tuesday-Blitz-March-12-2024"]
[Site "Chess.com"]
[Date "2024.03.12"]
[Round "1"]
[White "PapaieDudu"]
[Black "Iljiushenok_Ilya"]
[Result "0-1"]
[WhiteElo "2445"]
[BlackElo "2788"]
[TimeControl "180+1"]
[EndTime "14:05:02 PDT"]
[Termination "Iljiushenok_Ilya won by resignation"]

1. Nf3 Nf6 2. d4 d5 3. c4 e6 4. Nc3 c5 5. Bg5 cxd4 6. Nxd4 dxc4 7. e3 Bb4 8. Qa4+ Nc6 9. Nxc6 Bxc3+ 10. bxc3 bxc6 11.
Qxc6+ Bd7 12. Qc5 Ne4 13. Bxd8 Nxc5 14. Ba5 Bb5 15. Rb1 Ba6 16. Bb4 Nd3+ 17. Bxd3 cxd3 18. Kd2 Kd7 19. a4 Rhc8 20. h4 h5 21. Rh3 Rab8 22.
Rg3 g6 23. Rg5 Bc4 24. Rb2 Rc6 25. Ra5 a6 26. e4 f6 27. Ke3 e5 28. f4 exf4+ 29. Kxf4 Re8 30. e5 Rxe5 31. Rxe5 fxe5+ 32. Kxe5 Re6+ 33. Kd4 Re2 34. Rb1 d2 35. Rd1 Bb3 0-1

[Event "Late-Titled-Tuesday-Blitz-March-12-2024"]
[Site "Chess.com"]
[Date "2024.03.12"]
[Round "1"]
[White "Chessbard1972"]
[Black "lamomiajunior"]
[Result "0-1"]
[WhiteElo "2442"]
[BlackElo "2781"]
[TimeControl "180+1"]
[EndTime "14:05:02 PDT"]
[Termination "lamomiajunior won by resignation"]

1. d4 g6 2. c4 Bg7 3. Nf3 d6 4.
Nc3 Nf6 5. g3 O-O 6. Bg2 c6 7.
O-O Bf5 8. Ne1 a5 9. e4 Bc8 10. h3 Na6 11. Be3 Nd7 12. f4 c5 13. d5 Nb6 14.
Qe2 a4 15. Rc1 e6 16. b3 axb3 17. axb3 exd5 18. cxd5 Nb4 19. Nd3 Nxd3 20. Qxd3 Ra3 21. Nb5 Ra5 22. Bd2 Ra2 23. Bc3 Bxc3 24. Nxc3 Ra3 25.
Nb5 c4 26. Qd4 Rxb3 27. Nc3 Re8 28. Rfe1 Bd7 29. e5 Bf5 30. g4 Bd3 31. Be4 dxe5 32. fxe5 Bxe4 33. Nxe4 Qh4 34. Nf6+ Kh8 35. Re3 Rxe3 36.
Qxe3 Qxf6 37. Qd4 Qxe5 38. Qxb6 Qg3+ 39. Kf1 Qf4+ 40. Kg2 Re2+ 0-1

[Event "Late-Titled-Tuesday-Blitz-March-12-2024"]
[Site "Chess.com"]
[Date "2024.03.12"]
[Round "1"]
[White "Stanbad1"]
[Black "Anton_Demchenko"]
[Result "0-1"]
[WhiteElo "2529"]
[BlackElo "2939"]
[TimeControl "180+1"]
[EndTime "14:05:07 PDT"]
[Termination "Anton_Demchenko won by resignation"]

1. d4 Nf6 2. Nc3 d6 3. e4 e5 4. dxe5 dxe5 5. Qxd8+ Kxd8 6. Bg5 c6 7. O-O-O+ Ke8 8.
f3 Be6 9. Nh3 Bxh3 10. gxh3 Nbd7 11. h4 h6 12. Bxf6 Nxf6 13. Bh3 Bc5 14. Ne2 h5 15. c3 Ke7 16. b4 Be3+ 17. Kc2 Rhd8 18. Rd3 Rxd3 19.
Kxd3 Bh6 20. Rd1 Rd8+ 21. Kc2 Rxd1 22. Kxd1 g6 23. Nc1 Bf4 24. Bc8 b6 25. Bb7 Kd6 26. Nd3 Bxh2 27. c4 Kc7 28. Ba6 Nd7 29. a4 Nb8 30. b5 c5 31. Ke2 Nd7 32. Kf2 Nf8 33.
Kg2 Bf4 34. a5 Ne6 35. axb6+ axb6 36. Kf2 f6 37. Ne1 g5 38. Ng2 Bc1 39. Ke2 Nd4+ 40. Kf2 Bd2 0-1

[Event "Late-Titled-Tuesday-Blitz-March-12-2024"]
[Site "Chess.com"]
[Date "2024.03.12"]
[Round "1"]
[White "AlexTruskavetsky"]
[Black "AlexandreHouhou"]
[Result "1-0"]
[WhiteElo "2684"]
[BlackElo "2332"]
[TimeControl "180+1"]
[EndTime "14:05:10 PDT"]
[Termination "AlexTruskavetsky won by resignation"]

1. d4 d5 2. c4 c6 3. Nf3 Nf6 4. e3 Bg4 5. h3 Bh5 6. Nbd2 e6 7. Bd3 Nbd7 8. O-O Bd6 9. b3 O-O 10. Bb2 Qe7 11. e4 dxe4 12. Nxe4 Nxe4 13. Bxe4 e5 14. dxe5 Nxe5 15. Re1 Nxf3+ 16. Bxf3 Bxf3 17. Qxf3 Qg5 18. Rad1 Bb4 19. Re4 h5 20. Re5 Qg6 21. h4 Rad8 22.
Rg5 Rxd1+ 23. Qxd1 Qh7 24. Rxg7+ Qxg7 25. Bxg7 Kxg7 26.
Qxh5 Re8 27. c5 Bc3 28. Qg4+ Kf8 29. Qd7 Re1+ 30. Kh2 Be5+ 31. g3 Re2 32. Kg2 Kg8 33. Qxb7 1-0

[Event "Late-Titled-Tuesday-Blitz-March-12-2024"]
[Site "Chess.com"]
[Date "2024.03.12"]
[Round "1"]
[White "Svet_1502"]
[Black "Zq1"]
[Result "0-1"]
[WhiteElo "2217"]
[BlackElo "2608"]
[TimeControl "180+1"]
[EndTime "14:05:10 PDT"]
[Termination "Zq1 won by resignation"]

1. d4 Nf6 2. Nf3 e6 3. g3 b5 4.
Bg2 Bb7 5. O-O Na6 6. c3 c5 7.
a4 b4 8. Re1 Be7 9. Nbd2 O-O 10. e4 bxc3 11. bxc3 cxd4 12. cxd4 Nb4 13. Qb3 a5 14.
Ba3 d5 15. e5 Ne4 16. Red1 Rc8 17. Rac1 Qd7 18. Ne1 Nxd2 19. Rxd2 Rxc1 20. Bxc1 Rc8 21. Bb2 Bc6 22. Qf3 Bxa4 23. Nd3 Nxd3 24. Qxd3 Bb4 25.
Rd1 Bc2 26. Qe2 Bxd1 27. Qxd1 Qc6 28. Bf1 Qc2 29. Qa1 h6 30. Ba3 Qc3 31. Bb2 Qd2 32.
Qa4 Qxb2 33. Qd7 Rf8 0-1